Map: Persephone LE

Players

Rodialus - Winner!

  • Race: Protoss Protoss
  • League: Silver
  • Spawn Location: 7:00

ANDRES

  • Race: Zerg Zerg
  • League: Silver
  • Spawn Location: 11:00

VOD

Have the link to the VOD?

Description

Time

  • Played on: July 17, 2025, 12:42 a.m.
  • Length: 5:58
Show
View Real Time Build Order
Export as new Build Order

Rodialus Protoss - Winner!

Build Orders:  

Get SALT Encoding   

  1  0:00  Probe  
  12  0:05  Probe  
  14  0:17  Pylon  
  14  0:22  Probe  
  15  0:35  Probe  
  16  0:38  Gateway  
  16  0:45  Assimilator  
  16  0:47  Probe  
  17  0:59  Probe  
  17  1:04  Gateway  
  18  1:11  Probe  
  19  1:23  Probe  
  20  1:28  Cybernetics Core  
  20  1:35  Probe  
  21  1:48  Probe  
  22  1:58  Warp Gate  
  22  2:00  Probe  
  23  2:07  Pylon  
  23  2:17  Probe  
  23  2:25  Twilight Council, Zealot x2  
  23  2:28  Gateway  
  28  2:30  Probe  
  28  2:33  Assimilator  
  28  2:42  Gateway  
  28  2:43  Pylon  
  28  2:49  Stalker  
  30  3:00  Charge, Pylon  
  30  3:01  Zealot  
  30  3:03  Probe  
  33  3:20  Pylon  
  33  3:42  Pylon  
  33  3:45  Pylon  
  33  3:48  Stalker x3  
  39  3:52  Probe  
  40  3:59  Stalker  
  42  4:12  Stalker  
  44  4:17  Pylon  
  44  4:22  Sentry  
  46  4:26  Zealot x2  
  50  4:35  Zealot  
  52  4:45  Gateway  
  52  4:46  Zealot  
  54  4:59  Zealot x2  
  52  5:27  Zealot x3  
  50  5:50  Zealot x5  
Show
View Real Time Build Order
Export as new Build Order

ANDRES Zerg 

Build Orders: Hatch First 

Get SALT Encoding   

  12  0:01  Drone  
  13  0:08  Drone  
  14  0:20  Extractor  
  13  0:21  Drone  
  15  0:38  Hatchery  
  14  0:46  Overlord  
  14  1:01  Spawning Pool  
  14  1:03  Drone  
  14  1:11  Drone  
  14  1:12  Drone  
  14  1:17  Drone  
  18  1:25  Drone  
  18  1:34  Extractor  
  18  1:36  Drone  
  18  1:52  Drone  
  18  1:53  Drone  
  20  2:06  Queen, Drone  
  23  2:09  Queen  
  25  2:20  Drone  
  25  2:21  Drone x2  
  28  2:32  Spine Crawler  
  27  2:37  Evolution Chamber  
  27  2:43  Evolution Chamber  
  25  2:55  Spine Crawler  
  24  3:04  Spine Crawler  
  23  3:07  Hatchery  
  23  3:10  Zergling x6  
  25  3:18  Overlord  
  25  3:27  Zergling x4  
  27  3:39  Zergling x6  
  30  3:50  Zergling x6  
  33  3:55  Metabolic Boost  
  33  4:00  Drone  
  34  4:08  Drone x2  
  36  4:14  Overlord  
  36  4:41  Drone x4  
  36  4:42  Drone  
  41  4:48  Roach Warren  
  40  4:53  Lair  
  40  4:56  Drone  
  41  5:02  Drone  
  41  5:03  Drone  
  41  5:06  Drone  
  44  5:10  Extractor  
  44  5:13  Zergling x6  
  45  5:20  Zergling x4  
  45  5:27  Zergling x6  
  45  5:28  Zergling x2  
  43  5:38  Zergling x2  
  43  5:39  Zergling x8  
Tags
 
Add a new tag
Caveats
  • Supply blocks, unpowered buildings, or Contaminate may cause inaccurate times.
  • Supply counts are checked every 10 seconds.